 Dungeon Crawl Stone Soup version 0.31-a0-466-g98c9adc2b6 (webtiles) character file.

Game seed: 12220496211556481940

156 HallandMoats the Trooper (level 5, -26/42 HPs)
             Began as a Demonspawn Monk on Aug 6, 2023.
             Annihilated by an ogre
             ... wielding a +0 giant club
              (30 damage)
             ... on level 4 of the Dungeon.
             The game lasted 00:03:28 (2555 turns).

HallandMoats the Trooper (Demonspawn Monk)          Turns: 2555, Time: 00:03:28

Health: -26/42     AC:  3    Str: 13    XL:     5   Next: 15%
Magic:  7/7        EV: 13    Int: 11    God:
Gold:   255        SH:  9    Dex: 16    Spells: 4/4 levels left

rFire   . . .        b - +7 short sword of Dowdy Purpose {heavy, rElec}
rCold   . . .        d - orb {light}
rNeg    . . .        n - +0 robe
rPois   .            (no helmet)
rElec   +            (no cloak)
rCorr   +            g - +0 pair of gloves
SInv    .            (no boots)
Will    .....        f - amulet of reflection
Stlth   +            h - ring of resist corrosion
HPRegen 0.27/turn    (no ring)
MPRegen 0.10/turn

%: reflection
@: glowing
A: condensation shield
a: no special abilities


You were on level 4 of the Dungeon.
You visited 1 branch of the dungeon, and saw 4 of its levels.

You collected 255 gold pieces.

Inventory:

Hand Weapons
 a - a +0 hand axe
 b - the +7 short sword of Dowdy Purpose (weapon) {heavy, rElec}
   (You found it on level 2 of the Dungeon)

   rElec:     It insulates you from electricity.
Armour
 d - an orb of light (worn)
 g - a +0 pair of gloves (worn)
 n - a +0 robe (worn)
Jewellery
 f - an amulet of reflection (around neck)
 h - a ring of resist corrosion (left hand)
 k - a ring of willpower
 o - a ring of magical power
Wands
 r - a wand of roots (12)
Scrolls
 j - a scroll of immolation {unknown}
 l - a scroll of poison {unknown}
 p - a scroll of vulnerability {unknown}
 q - a scroll of revelation {unknown}
Potions
 c - a potion of ambrosia
 e - a potion of curing {unknown}
 i - 2 potions of heal wounds {unknown}
 m - a potion of lignification {unknown}


   Skills:
 + Level 4.2 Fighting
 + Level 3.7 Axes
 - Level 2.6 Dodging
 + Level 3.5 Invocations


You had 4 spell levels left.
You didn't know any spells.
Your spell library contained the following spells:

 Spells                   Type           Power      Damage    Failure   Level
 Ensorcelled Hibernation  Hex/Ice        0%         N/A       47%         2
 Passwall                 Tmut/Erth      0%         N/A       47%         2
 Sublimation of Blood     Necr           0%         N/A       47%         2
 Wereblood                Tmut           0%         N/A       47%         2
 Swiftness                Air            0%         N/A       71%         3
 Summon Hydra             Summ           0%         N/A       100%        7


Dungeon Overview and Level Annotations

Branches:
Dungeon (4/15)
 Temple: D:4-7

Altars:
Hepliaklqana
Trog


Innate Abilities, Weirdness & Mutations

A meltable shield of frost defends you. (SH +4)


Message History

You feel your power leaking away. The gnoll misses you.
You puncture the gnoll!
You kill the gnoll!
Things that are here:
a +4 antimagic whip; a gnoll corpse
There is a bloodstained altar of Trog here.
Done exploring.
Done exploring.
Done exploring.
Done exploring.
Done exploring.
(D) Dungeon
Where to? (Enter - D:3, ? - help)
What level of the Dungeon? (default 1, ? - help)
Items here: ))) [ †.
You see here a +0 club.
There is a stone staircase leading down here.
You climb downwards.
There is a stone staircase leading up here.
Found a ring mail.
Found a stone staircase leading down.
You now have 255 gold pieces (gained 19).
An ogre comes into view. It is wielding a +0 giant club.
An ogre is nearby!
The ogre shouts!
You see here a +1 war axe of flaming.
You hit the ogre.
The ogre is lightly wounded.
The ogre hits you with a +0 giant club!!
You puncture the ogre!
The ogre is severely wounded.
The ogre hits you with a +0 giant club!!
Ouch! That really hurt!
* * * LOW HITPOINT WARNING * * *
You hit the ogre.
The ogre is almost dead.
The ogre hits you with a +0 giant club!!
Ouch! That really hurt!
You die... ... . ♣P. .P ♣♣..
PP.

.P. .PP. ..
.#...#.#######
#......O.#...####
#. #..>.@...♣.♣..
...
#....#.♣.....♣#..
#........♣.♣....
#.....♣.♣...♣.♣..
#....##...♣......
#.....♣.♣...♣.♣
###......♣.♣..#
#.#.#♣.....♣#
..#.#..♣#♣.#


You could see an ogre.

Vanquished Creatures
  A hound (D:3)
  3 gnolls (D:3)
  2 adders (D:3)
  A worm (D:2)
  2 orcs (D:3)
  4 endoplasms
  2 giant cockroaches
  9 goblins
  4 hobgoblins
  8 jackals
  6 kobolds
  2 quokkas
  5 ball pythons
  8 bats
  5 frilled lizards
  9 rats
71 creatures vanquished.

Notes
Turn   | Place    | Note
-------+----------+-------------------------------------------
     0 | D:1      | HallandMoats the Demonspawn Monk began the quest for the
                  | Orb.
     0 | D:1      | Reached XP level 1. HP: 18/18 MP: 1/1
   108 | D:1      | Reached skill level 1 in Invocations
   154 | D:1      | Gained mutation: A meltable shield of frost defends you.
                  | (SH +4) [demonic ancestry]
   154 | D:1      | Reached XP level 2. HP: 20/24 MP: 2/2
  1046 | D:2      | Found a hazy altar of Hepliaklqana.
  1124 | D:2      | Reached XP level 3. HP: 29/29 MP: 4/4
  1290 | D:2      | Identified the +7 short sword of Dowdy Purpose {heavy,
                  | rElec}
  1608 | D:3      | Found a faded altar of an unknown god.
  1770 | D:3      | Reached XP level 4. HP: 32/37 MP: 4/6
  1891 | D:3      | Reached skill level 4 in Fighting
  2413 | D:3      | Reached XP level 5. HP: 37/42 MP: 5/7
  2433 | D:3      | Found a bloodstained altar of Trog.
  2549 | D:4      | Noticed an ogre
  2555 | D:4      | Annihilated by an ogre

Illustrated notes

Levels and vault maps discovered:
D:1:      lightli_arrival_farm, layout_loops_ring
D:2:      layout_loops_cross, basic_altar, chequers_hall_statues_y
D:3:      layout_basic, trog_antimagical, hellmonk_ecumenical_altar_dog_temple,
          minmay_vboxes
D:4:      layout_basic, mainiacjoe_overflow_tiny_flanked,
          minmay_temple_entry_slanted, serial_forest,
          infiniplex_forest_lined_ring, infiniplex_forest_end_3,
          infiniplex_forest_end_3, infiniplex_forest_zigzag_2,
          infiniplex_forest_lined_3, infiniplex_forest_clump_tiny,
          infiniplex_forest_straight_3, infiniplex_forest_end_1,
          infiniplex_forest_clump_double, nrook_mini_vaults, uniq_pikel

Skill      XL: |  1  2  3  4 |
---------------+-------------+-----
Invocations    | 1 2 3 |  3.5
Axes           | 3 |  3.7
Fighting       | 4 |  4.2
Dodging        | |  2.6

Action                     |  1- 3 |  4- 6 || total
---------------------------+-------+-------++-------
  Melee: Hand axe          |    70 |       ||    70
         Short sword       |    38 |    41 ||    79
 Armour: Robe              |    21 |     2 ||    23
  Dodge: Dodged            |    76 |    20 ||    96
  Block: Orb               |    54 |    10 ||    64
         Reflection        |     1 |       ||     1

Table legend: (Time is in decaauts)
 A = Elapsed time spent in this place.
 B = Non-inter-level travel time spent in this place.
 C = Inter-level travel time spent in this place.
 D = Time resting spent in this place.
 E = Time spent auto-exploring this place.
 F = Levels seen in this place.
 G = Mean time per level.
                   A        B        C        D        E       F      G
               +--------+--------+--------+--------+--------+-----+--------+
         Total |   2618 |   2477 |    141 |      0 |   1923 |   4 |  654.5 |
       Dungeon |   2618 |   2477 |    141 |      0 |   1923 |   4 |  654.5 |
               +--------+--------+--------+--------+--------+-----+--------+

Top non-repeatable levels by time:
     D:3: 1024 daAuts
     D:1: 964 daAuts
     D:2: 608 daAuts
     D:4: 20 daAuts
